 Dungeon Crawl Stone Soup version 0.23.2 (webtiles) character file.

Game seed: 16095976042593705094

238 DireHonchkrow the Chopper (level 5, -17/42 HPs)
             Began as a Minotaur Gladiator on Sept 9, 2019.
             Was an Initiate of Okawaru.
             Demolished by an orc warrior
             ... wielding a +0 battleaxe
              (19 damage)
             ... on level 4 of the Dungeon.
             The game lasted 00:16:54 (3014 turns).

DireHonchkrow the Chopper (Minotaur Gladiator)      Turns: 3014, Time: 00:16:55

Health: -17/42     AC:  5    Str: 20    XL:     5   Next: 78%
Magic:  4/4        EV: 12    Int:  5    God:    Okawaru [......]
Gold:   93         SH:  0    Dex: 11    Spells: 4/4 levels left

rFire    . . .     SeeInvis .   a - +0 war axe
rCold    . . .     Gourm    .   (no shield)
rNeg     + + .     Faith    .   b - +0 leather armour
rPois    .         Spirit   .   c - +0 hat
rElec    .         Reflect  .   v - +0 cloak
rCorr    .         Harm     .   r - +0 pair of gloves
MR       .....                  (no boots)
Stlth    +.........             (no amulet)
HPRegen  0.14/turn              o - ring of positive energy
MPRegen  0.09/turn              A - ring of positive energy

@: no status effects
A: retaliatory headbutt, horns 2
a: Renounce Religion


You were on level 4 of the Dungeon.
You worshipped Okawaru.
Okawaru was noncommittal.
You were not hungry.

You visited 1 branch of the dungeon, and saw 4 of its levels.

You collected 93 gold pieces.

Inventory:

Hand Weapons
 a - a +0 war axe (weapon)
 h - a +2 mace of crushing
 z - a +2 hunting sling of freezing
Missiles
 d - 3 throwing nets
 j - 67 stones (quivered)
 l - 61 bolts
 y - 13 poisoned needles
 B - 2 needles of confusion
 E - 16 sling bullets
Armour
 b - a +0 leather armour (worn)
 c - a +0 hat (worn)
 r - a +0 pair of gloves (worn)
 v - a +0 cloak (worn)
Jewellery
 o - a ring of positive energy (left hand)
 x - a +2 ring of dexterity
 A - a ring of positive energy (right hand)
Scrolls
 g - 2 scrolls of identify {unknown}
 n - a scroll of fear {unknown}
 q - a scroll of enchant armour {unknown}
 s - 2 scrolls of remove curse
 w - a scroll of teleportation {unknown}
Potions
 e - a potion of degeneration {unknown}
 i - 2 potions of ambrosia {unknown}
 k - 2 potions of heal wounds {unknown}
 m - a potion of agility {unknown}
 p - a potion of haste {unknown}
 t - a potion of brilliance {unknown}
 u - 3 potions of curing {unknown}
 C - a potion of invisibility {unknown}
 D - a potion of flight {unknown}
Comestibles
 f - 4 rations
 F - a chunk of flesh


   Skills:
 - Level 2.4 Fighting
 * Level 7.9 Axes
 - Level 2.0 Throwing
 - Level 3.2 Dodging


You had 4 spell levels left.
You didn't know any spells.
Your spell library was empty.

Dungeon Overview and Level Annotations

Branches:
Dungeon (4/15)
 Temple: D:4-7

Altars:
Kikubaaqudgha
Nemelex Xobeh
Okawaru
The Shining One

Annotations:
D:3 2 transporters, OldCatCapnomancer's ghost, amateur DsWz


Innate Abilities, Weirdness & Mutations

You reflexively headbutt those who attack you in melee.
You have a pair of horns on your head.


Message History

You barely miss the orc warrior. Your headbutt misses the orc warrior.
The orc warrior closely misses you.
You slash the orc warrior!
The orc warrior is moderately wounded.
The orc warrior hits you with a +0 battleaxe!!
Ouch! That really hurt!
* * * LOW HITPOINT WARNING * * *
Okay, then.
Okay, then.
You hit the orc warrior but do no damage.
Your headbutt misses the orc warrior.
The orc warrior is moderately wounded.
You hit the orc warrior but do no damage.
You headbutt the orc warrior!
The orc warrior is heavily wounded.
The orc warrior closely misses you.
You hit the orc warrior but do no damage.
The orc warrior is heavily wounded.
The orc warrior hits you with a +0 battleaxe!!
You die...

#....................
#....................
#.....................
#.....................
#...................##
#..%..#######.......#. #..
#.....# #.......#. #(.
#.....# #.......#.
#$..#....@# #.......#.
.+...#...(o#######.......#.
...........#.....#.......#.
.%###......#.....#.......#.
#o#......#.....#.......#.
o###....#.....#.......#.
ooo#....#.....#......[#. o#
#.<..'.....#.......#.
#......#.....#.......#.


You could see an orc warrior and 6 orc wizards.

Vanquished Creatures
  An orc wizard (D:3)
  A worker ant (D:4)
  3 adders
  7 gnolls
  An ooze (D:1)
  3 dart slugs
  6 orcs
  4 giant cockroaches
  3 goblins
  11 hobgoblins
  8 jackals
  2 quokkas
  6 bats
  6 frilled lizards
  5 kobolds
  A quokka skeleton (D:4)
  10 rats
78 creatures vanquished.

Notes
Turn   | Place    | Note
-------+----------+-------------------------------------------
     0 | D:1      | DireHonchkrow the Minotaur Gladiator began the quest for
                  | the Orb.
     0 | D:1      | Reached XP level 1. HP: 18/18 MP: 0/0
    20 | D:1      | Reached skill level 4 in Axes
    24 | D:1      | Reached XP level 2. HP: 25/25 MP: 1/1
   294 | D:1      | Reached skill level 5 in Axes
   448 | D:1      | Reached XP level 3. HP: 27/30 MP: 2/2
  1291 | D:2      | Reached XP level 4. HP: 28/37 MP: 3/3
  1410 | D:2      | Reached skill level 6 in Axes
  1832 | D:3      | Found a glowing golden altar of the Shining One.
  1917 | D:3      | Found an iron altar of Okawaru.
  1919 | D:3      | Found a transporter.
  1926 | D:3      | Noticed OldCatCapnomancer's ghost (amateur DsWz)
  1950 | D:3      | Found a transporter.
  2053 | D:3      | Found a faded altar of an unknown god.
  2149 | D:3      | Found a sparkling altar of Nemelex Xobeh.
  2311 | D:3      | Reached skill level 7 in Axes
  2311 | D:3      | Reached XP level 5. HP: 39/42 MP: 4/4
  2802 | D:3      | Found an ancient bone altar of Kikubaaqudgha.
  2810 | D:3      | Became a worshipper of Warmaster Okawaru
  2998 | D:4      | Noticed an orc warrior
  3011 | D:4      | HP: 2/42 [orc warrior/+0 battleaxe (21)]
  3014 | D:4      | Demolished by an orc warrior

Skill      XL: |  1  2  3  4 |
---------------+-------------+-----
Axes           | 4 5 7 |  7.9
Fighting       | |  2.4
Throwing       | |  2.0
Dodging        | |  3.2

Action                   |  1- 3 |  4- 6 || total
-------------------------+-------+-------++-------
Melee: War axe           |    73 |    68 ||   141
       Headbutt          |    16 |    16 ||    32
Throw: Stone             |     1 |    11 ||    12
  Use: Scroll            |       |     1 ||     1
  Eat: Chunk             |     1 |     6 ||     7
Armor: Leather armour    |    11 |     8 ||    19
Dodge: Dodged            |    47 |    43 ||    90
